 Dungeon Crawl Stone Soup version 0.26-a0-858-gbf766624f9 (webtiles) character file.

Game seed: 12684171151229010001

127 reriks the Skirmisher (level 4, 0/41 HPs)
             Began as a Minotaur Abyssal Knight on Nov 24, 2020.
             Was a Follower of Lugonu.
             Succumbed to an orc's poison
             ... on level 2 of the Dungeon.
             The game lasted 00:01:33 (1888 turns).

reriks the Skirmisher (Minotaur Abyssal Knight)     Turns: 1888, Time: 00:01:33

Health: 0/41       AC: 11    Str: 17    XL:     4   Next: 85%
Magic:  5/5        EV: 20    Int:  9    God:    Lugonu [*.....]
Gold:   59         SH:  0    Dex: 10    Spells: 3/3 levels left

rFire    . . .     SeeInvis .   d - +2 dagger (elec)
rCold    . . .     Faith    .   (no shield)
rNeg     . . .     Spirit   .   i - +0 plate armour
rPois    .         Reflect  .   (helmet restricted)
rElec    .         Harm     .   (no cloak)
rCorr    .         Rampage  .   (no gloves)
MR       .....                  (no boots)
Stlth    ..........             l - amulet of the acrobat
HPRegen  0.13/turn              (no ring)
MPRegen  0.09/turn              (no ring)

@: lethally poisoned (0 -> -16), acrobat
A: retaliatory headbutt, horns 2
a: Depart the Abyss, Renounce Religion


You were on level 2 of the Dungeon.
You worshipped Lugonu.
Lugonu was aware of your devotion.
You visited 1 branch of the dungeon, and saw 3 of its levels.
You visited the Abyss 1 time.

You collected 59 gold pieces.

Inventory:

Hand Weapons
 a - a +1 falchion
 d - a +2 dagger of electrocution (weapon)
Missiles
 g - 66 stones (quivered)
Armour
 b - a +0 leather armour
 i - a +0 plate armour (worn)
Jewellery
 l - an amulet of the acrobat (around neck)
Wands
 o - a wand of disintegration (11)
Scrolls
 h - 2 scrolls of remove curse {unknown}
 j - 2 scrolls of identify {unknown}
 m - a scroll of enchant armour {unknown}
Potions
 c - 2 potions of degeneration {unknown}
 e - a potion of haste {unknown}
 f - a potion of heal wounds {unknown}
 k - 2 potions of curing {unknown}
 n - a potion of mutation {unknown}


   Skills:
 + Level 4.4 Fighting
 + Level 3.4 Long Blades
 + Level 3.5 Armour
 + Level 2.4 Dodging
 + Level 2.7 Invocations


You had 3 spell levels left.
You didn't know any spells.
Your spell library was empty.

Dungeon Overview and Level Annotations

Branches:
Dungeon (3/15)

Altars:
Dithmenos
Zin


Innate Abilities, Weirdness & Mutations

You reflexively headbutt those who attack you in melee.
You have a pair of horns on your head.


Message History

Lugonu accepts your kill. The orc barely misses you. The orc hits you.
* * * LOW HITPOINT WARNING * * *
You climb upwards.
* * * LOW HITPOINT WARNING * * *
You feel sick.
There is a stone staircase leading down here.
You hit the hobgoblin.
Lightning courses through the hobgoblin!
You kill the hobgoblin!
Lugonu accepts your kill.
* * * LOW HITPOINT WARNING * * *
You feel sick. The orc hits you but does no damage.
You are more poisoned.
The orc hits you but does no damage. The orc barely misses you.
* * * LOW HITPOINT WARNING * * *
You feel sick.
There is an open door here.
You see here a +0 club.
You die...

#..###.#....)....##
#..# #.+.........##
#..# ###...........
#..# #........... #..#
#...........
#o.#####...........
#oo................
#####)#####.#.#.####...
#.....@.......#.# ####
#......####.###.#
#......# #.....#
######## #######


You could see 2 orcs.

Vanquished Creatures
  2 orc wizards (D:3)
  4 adders (D:2)
  4 leopard geckos
  3 orcs (D:3)
  A giant cockroach (D:2)
  4 hobgoblins
  A ball python (D:2)
  4 bats
  4 frilled lizards
  8 kobolds
  3 rats
38 creatures vanquished.

Notes
Turn   | Place    | Note
-------+----------+-------------------------------------------
     0 | Abyss:1  | reriks the Minotaur Abyssal Knight began the quest for the
                  | Orb.
     0 | Abyss:1  | Reached XP level 1. HP: 19/19 MP: 1/1
     0 | Abyss:1  | Found a corrupted altar of Lugonu.
    29 | Abyss:1  | Noticed a large abomination
    35 | Abyss:1  | Noticed a wizard
    41 | D:1      | Escaped the Abyss
   318 | D:1      | Reached * piety under Lugonu
   475 | D:1      | Reached XP level 2. HP: 27/27 MP: 2/2
   893 | D:2      | Found a glowing silver altar of Zin.
   893 | D:2      | Noticed an angel
   961 | D:2      | Found a shadowy altar of Dithmenos.
   968 | D:2      | Reached skill level 4 in Fighting
   968 | D:2      | Reached XP level 3. HP: 33/33 MP: 3/3
  1874 | D:3      | Reached XP level 4. HP: 40/40 MP: 4/4
  1887 | D:2      | HP: 1/41 [poisoned by an orc]
  1888 | D:2      | Succumbed to an orc's poison

Illustrated notes

Levels and vault maps discovered:
D:1:      psy_arrival_conway, layout_loops_cross
D:2:      layout_basic, lemuel_coloured_pillars_altar, zin_angel
D:3:      layout_rooms, lemuel_round_altar, lemuel_round_altar, serial_forest,
          infiniplex_forest_lined_2, infiniplex_forest_clump_double,
          infiniplex_forest_straight_1, infiniplex_forest_zigzag_2,
          infiniplex_forest_lined_ring, infiniplex_forest_lined_2, st_stairs_11,
          grunt_ministairs_8, small_statue_intersection, lemuel_old_faithful

Skill      XL: |  1  2  3 |
---------------+----------+-----
Invocations    | 2 |  2.7
Fighting       | 4 |  4.4
Long Blades    | 3 |  3.4
Armour         | 3 |  3.5
Dodging        | 2 |  2.4

Action                   |  1- 3 |  4- 6 || total
-------------------------+-------+-------++-------
Melee: Dagger            |    72 |    11 ||    83
       Falchion          |     6 |       ||     6
       Headbutt          |    10 |       ||    10
Invok: Depart the Abyss  |     1 |       ||     1
Armor: Leather armour    |    16 |       ||    16
       Plate armour      |    21 |    16 ||    37
Dodge: Dodged            |    27 |     8 ||    35
       Rpst.: Falchion   |     2 |       ||     2

Table legend: (Time is in decaauts)
 A = Elapsed time spent in this place.
 B = Non-inter-level travel time spent in this place.
 C = Inter-level travel time spent in this place.
 D = Time resting spent in this place.
 E = Time spent auto-exploring this place.
 F = Levels seen in this place.
 G = Mean time per level.
                   A        B        C        D        E       F      G
               +--------+--------+--------+--------+--------+-----+--------+
         Total |   1886 |   1854 |     32 |      0 |   1593 |   4 |  471.5 |
       Dungeon |   1845 |   1813 |     32 |      0 |   1565 |   3 |  615.0 |
         Abyss |     41 |     41 |      0 |      0 |     28 |   1 |   41.0 |
               +--------+--------+--------+--------+--------+-----+--------+

Top non-repeatable levels by time:
     D:2: 1057 daAuts
     D:1: 776 daAuts
 Abyss:1: 41 daAuts
     D:3: 11 daAuts
